 Dungeon Crawl Stone Soup version 0.19-a0-1821-g42c593c (webtiles) character file.

707 poirepourri the Magician (level 7, -2/36 HPs)
             Began as a Deep Elf Conjurer on Oct 6, 2016.
             Slain by a sky beast (6 damage)
             ... on level 5 of the Dungeon.
             The game lasted 00:08:11 (6022 turns).

poirepourri the Magician (Deep Elf Conjurer)        Turns: 6022, Time: 00:08:13

Health: -2/36      AC:  4    Str:  5    XL:     7   Next: 40%
Magic:  16/20      EV: 13    Int: 22    God:
Gold:   265        SH:  0    Dex: 15    Spells: 5 memorised, 7 levels left

rFire  . . .     SeeInvis .     e - +3 dagger (drain)
rCold  . . .     Gourm    .     a - +0 robe
rNeg   . . .     Faith    .     (no shield)
rPois  .         Spirit   .     (no helmet)
rElec  .         Dismiss  .     d - +0 cloak
rCorr  .         Reflect  .     t - +0 pair of gloves
MR     .....     Harm     .     (no boots)
Stlth  ++........               q - amulet of magic regeneration
                                (no ring)
                                (no ring)

@: no status effects
A: no striking features
a: no special abilities


You were on level 5 of the Dungeon.
You were near starving.

You visited 2 branches of the dungeon, and saw 6 of its levels.

You collected 265 gold pieces.

Inventory:

Hand Weapons
 e - a +3 dagger of draining (weapon)
Armour
 a - a +0 robe (worn)
 d - a +0 cloak (worn)
 l - a +0 buckler
 t - a +0 pair of gloves (worn)
Jewellery
 n - an uncursed ring of ice {unknown}
 q - an amulet of magic regeneration (around neck)
 s - an uncursed ring of positive energy
 v - an uncursed amulet of harm
Scrolls
 c - a scroll of enchant weapon
 f - 5 scrolls of remove curse
 m - 2 scrolls of amnesia
Potions
 g - 2 potions of curing
 h - a potion of cancellation {unknown}
 i - 3 potions of brilliance
 k - a potion of flight
 r - a potion of heal wounds {unknown}
 u - 3 potions of mutation {unknown}
 w - 2 potions of lignification {unknown}
Books
 b - a book of Conjurations

   Spells                             Type                      Level
   a - Magic Dart                     Conjuration                  1
   b - Searing Ray                    Conjuration                  2
   c - Dazzling Spray                 Conjuration/Hexes            3
   d - Fulminant Prism                Conjuration/Hexes            4
   e - Iskenderun's Mystic Blast      Conjuration                  4
   f - Iskenderun's Battlesphere      Conjuration/Charms           5
Comestibles
 j - 3 bread rations
 o - 2 fruits


   Skills:
 + Level 3.3 Dodging
 - Level 2.5 Stealth
 * Level 7.9 Spellcasting
 + Level 7.6 Conjurations


You had 7 spell levels left.
You knew the following spells:

 Your Spells              Type           Power        Failure   Level  Hunger
a - Magic Dart            Conj           ####         1%          1    None
b - Searing Ray           Conj           #####.       1%          2    None
c - Dazzling Spray        Conj/Hex       ####..       6%          3    None
d - Fulminant Prism       Conj/Hex       ####......   17%         4    ###....
e - Iskenderun's Mystic   Conj           #####...     3%          4    ###....


Dungeon Overview and Level Annotations

Branches:
Dungeon (5/15)             Temple (1/1) D:4

Altars:
Ashenzari
Cheibriados
Dithmenos
Elyvilon
Fedhas
Gozag
Hepliaklqana
Kikubaaqudgha
Nemelex Xobeh
Ru
Sif Muna
Trog
Uskayaw
Xom
Yredelemnul
Zin
The Shining One

Annotations:
D:5 Sigmund


Message History

Reactivating autopickup.
Casting: Magic Dart
Confirm with . or Enter, or press ? or * to list all spells.
Aiming: Searing Ray
Press: ? - help, Shift-Dir - straight line, f - sky beast
Aim: a sky beast The searing ray hits the sky beast.
The sky beast is moderately wounded.
The searing ray hits the sky beast.
The sky beast is heavily wounded.
The sky beast flickers out of sight!
Deactivating autopickup; reactivate with Ctrl-A.
Something hits you. Something shocks you. Something hits you.
Something shocks you.
* * * LOW HITPOINT WARNING * * *
The searing ray hits something.
You finish channeling your searing ray.
Something hits you.
* * * LOW HITPOINT WARNING * * *
Something shocks you.
You die...

#...........# *#§.§§§#...#.§.§
#...........# *#.§§§§#.⌠.##§§.
#...........# *#.§§§§#...###§#
#...........# *#######...#####
#...........# *#######'''#####
###....###...# #.............
..'....'.....#######.....##......
###....#)..........#.....##).....
.......'.......{@................
########.................##......
#.................##......
#.................########
#.................#
#............######
#............# #............#
#............#


There were no monsters in sight!

Vanquished Creatures
  Edmund (D:5)
  A howler monkey (D:5)
  3 vampire bats (D:2)
  A bullfrog zombie (D:5)
  A hound (D:5)
  A jelly (D:5)
  An orc priest (D:3)
  Natasha (thrice) (D:2)
  7 adders
  3 gnolls (D:4)
  A shadow imp (D:5)
  An ooze (D:1)
  5 worms
  6 dart slugs
  6 leopard geckos
  9 orcs
  3 bat skeletons (D:2)
  3 bat zombies (D:2)
  3 giant cockroaches
  8 goblins
  7 hobgoblins
  2 quokkas
  2 ball pythons
  9 bats
  6 frilled lizards
  6 kobolds
  6 rats
105 creatures vanquished.

Notes
Turn   | Place    | Note
-------+----------+-------------------------------------------
     0 | D:1      | poirepourri the Deep Elf Conjurer began the quest for the Orb.
     0 | D:1      | Reached XP level 1. HP: 10/10 MP: 6/6
   303 | D:1      | Reached XP level 2. HP: 15/15 MP: 0/8
   479 | D:1      | Learned a level 2 spell: Searing Ray
   931 | D:1      | Reached skill level 5 in Conjurations
  1128 | D:1      | Reached XP level 3. HP: 18/19 MP: 6/10
  1511 | D:2      | Noticed Natasha
  1512 | D:2      | Found a faded altar of an unknown god.
  1521 | D:2      | Killed Natasha
  1722 | D:2      | Learned a level 3 spell: Dazzling Spray
  1963 | D:2      | Reached XP level 4. HP: 24/24 MP: 8/11
  2351 | D:2      | Found an ancient bone altar of Kikubaaqudgha.
  2358 | D:2      | Reached XP level 5. HP: 28/28 MP: 4/13
  2530 | D:2      | Learned a level 4 spell: Fulminant Prism
  2646 | D:2      | Noticed Natasha
  2650 | D:2      | Killed Natasha
  2935 | D:2      | Reached skill level 5 in Spellcasting
  3365 | D:2      | Noticed Natasha
  3369 | D:2      | Killed Natasha
  3369 | D:2      | Reached XP level 6. HP: 32/32 MP: 8/15
  3560 | D:2      | Found a deep blue altar of Sif Muna.
  3561 | D:2      | Found a bloodstained altar of Trog.
  4710 | D:4      | Learned a level 4 spell: Iskenderun's Mystic Blast
  4710 | D:4      | Found a staircase to the Ecumenical Temple.
  4847 | D:4      | Found a hide-covered altar of Uskayaw.
  4921 | Temple   | Entered the Ecumenical Temple
  5310 | D:5      | Entered Level 5 of the Dungeon
  5351 | D:5      | Found a sparkling altar of Nemelex Xobeh.
  5521 | D:5      | Noticed Sigmund
  5530 | D:5      | Reached XP level 7. HP: 32/36 MP: 14/19
  5577 | D:5      | Noticed Edmund
  5632 | D:5      | Killed Edmund
  6022 | D:5      | Slain by a sky beast

Vault maps used:
D:1:      elethiomel_arrival_quiet
D:2:      kennysheep_vampire_church, gammafunk_temple_overflow_pools,
          ecumenical_altar_2, first_bread, uniq_natasha
D:4:      eat_drink_and_be_merry_uskayaw
D:5:      nemelex_altar_shiori, uniq_sigmund, uniq_edmund
Temple:   hc_temple_tempest_star

Skill      XL: |  1  2  3  4  5  6 |
---------------+-------------------+-----
Conjurations   | 5 6 7 |  7.6
Spellcasting   | 4 5 7 |  7.9
Dodging        | 3 |  3.3
Stealth        | |  2.5

Action                   |  1- 3 |  4- 6 |  7- 9 || total
-------------------------+-------+-------+-------++-------
Melee: Dagger            |       |     1 |       ||     1
 Cast: Magic Dart        |    32 |   141 |    10 ||   183
       Searing Ray       |    10 |    21 |     7 ||    38
       Iskenderun's Myst |       |       |     1 ||     1
  Use: Scroll            |     5 |     8 |     4 ||    17
  Eat: Bread ration      |     1 |     1 |       ||     2
       Fruit             |       |     2 |       ||     2
       Royal jelly       |       |     1 |       ||     1
       Pizza             |       |     1 |       ||     1
Armor: Robe              |     3 |    14 |     1 ||    18
Dodge: Dodged            |    15 |    21 |     7 ||    43
